 Dungeon Crawl Stone Soup version 0.24.1-5-g77f818bfca (webtiles) character file.

Game seed: 9102061022506328605, levelgen mode: deterministic

234932 Peloso the Hoplite (level 18, -1/171 HPs)
             Began as a Minotaur Fighter on Apr 24, 2020.
             Was the Champion of Okawaru.
             Slain by an anaconda (2 damage)
             ... on level 4 of the Snake Pit.
             The game lasted 01:57:21 (39334 turns).

Peloso the Hoplite (Minotaur Fighter)              Turns: 39334, Time: 01:57:29

Health: -1/171     AC: 33    Str: 40    XL:     18   Next: 89%
Magic:  19/19      EV: 13    Int:  9    God:    Okawaru [******]
Gold:   1134       SH: 22    Dex: 22    Spells: 17/17 levels left

rFire    + + .     SeeInvis +   a - +5 double sword (vamp)
rCold    + + .     Gourm    .   c - +2 shield {reflect}
rNeg     + + .     Faith    +   p - +10 pearl dragon scales of Onagotex {rPois rF+ rN+ Int+4 Dex+4}
rPois    +         Spirit   .   I - +2 hat of the Monk {rPois}
rElec    .         Reflect  +   u - scarf {rC+ rF+}
rCorr    .         Harm     .   i - +2 pair of gloves of Holelunu {*Corrode rC+ rN+ Str+4}
MR       +....                  H - +2 pair of boots {Fly}
Stlth    +.........             L - amulet of faith
HPRegen  0.38/turn              x - ring "Juad" {rPois Str+2 Dex+2 SInv}
MPRegen  0.16/turn              r - ring of Kucleurif {Str+6 Dex+5}

@: lethally poisoned (-1 -> -2), about to teleport, corroded, flying, slowed,
constricted, very slow
A: retaliatory headbutt, horns 2
}: 1/15 runes: decaying
a: Heroism, Finesse, Renounce Religion, Stop Flying


You were on level 4 of the Snake Pit.
You worshipped Okawaru.
Okawaru was exalted by your worship.
You were not hungry.

You visited 5 branches of the dungeon, and saw 30 of its levels.
You also visited: Sewer and Gauntlet.

You collected 3167 gold pieces.
You spent 2033 gold pieces at shops.

Inventory:

Hand Weapons
 a - a +5 vampiric double sword (weapon)
 b - the +11 rapier of Ash {vamp, rF+ MR++}
   (You found it on level 10 of the Dungeon)

   It inflicts no extra harm, but heals its wielder when it wounds a living foe.
   It protects you from fire.
   It affects your resistance to hostile enchantments.
 J - a +3 scimitar of flaming
Armour
 c - a +2 shield of reflection (worn)
 i - the +2 pair of gloves of Holelunu (worn) {*Corrode rC+ rN+ Str+4}
   (Okawaru gifted it to you on level 2 of the Lair of Beasts)

   It affects your strength (+4).
   It protects you from cold.
   It protects you from negative energy.
   It may corrode you when you take damage.
 m - a +2 crystal plate armour
 p - the +10 pearl dragon scales of Onagotex (worn) {rPois rF+ rN+ Int+4 Dex+4}
   (Okawaru gifted it to you on level 3 of the Snake Pit)

   It affects your intelligence (+4).
   It affects your dexterity (+4).
   It protects you from fire.
   It protects you from poison.
   It protects you from negative energy.
 u - a scarf of resistance (worn)
 H - a +2 pair of boots of flying (worn)
 I - the +2 hat of the Monk (worn) {rPois}
   (Okawaru gifted it to you on level 3 of the Swamp)

   It protects you from poison.
Jewellery
 r - the ring of Kucleurif (right hand) {Str+6 Dex+5}
   (You found it in a Gauntlet)

   [ring of dexterity]

   It affects your strength (+6).
   It affects your dexterity (+5).
 s - an uncursed ring of resist corrosion
 x - the ring "Juad" (left hand) {rPois Str+2 Dex+2 SInv}
   (You found it on level 8 of the Dungeon)

   [ring of poison resistance]

   It affects your strength (+2).
   It affects your dexterity (+2).
   It protects you from poison.
   It lets you see invisible.
 B - an uncursed amulet of guardian spirit {unknown}
 L - an amulet of faith (around neck)
Wands
 C - a wand of digging (4)
Scrolls
 e - a scroll of identify
 g - 2 scrolls of silence
 j - 10 scrolls of fear
 n - 3 scrolls of noise
 o - 2 scrolls of amnesia
 t - 4 scrolls of teleportation
 v - 2 scrolls of blinking
 y - a scroll of summoning
 A - 26 scrolls of remove curse
 D - 5 scrolls of magic mapping
Potions
 d - a potion of agility
 h - a potion of brilliance
 k - a potion of berserk rage
 l - a potion of resistance
 q - 8 potions of haste
 w - 9 potions of curing
 z - 3 potions of might
 G - 4 potions of heal wounds
Miscellaneous
 F - a phial of floods
Comestibles
 f - 58 rations
 E - 2 chunks of flesh


   Skills:
 + Level 17.7 Fighting
 + Level 5.5(12.9) Short Blades
 + Level 18.9(19.1) Long Blades
   Level 1.6 Axes
 + Level 16.5 Armour
 + Level 6.5 Dodging
 + Level 2.8 Stealth
 + Level 22.5 Shields
 + Level 3.4 Invocations
 + Level 2.3 Evocations


You had 17 spell levels left.
You didn't know any spells.
Your spell library contained the following spells:

 Spells                   Type           Power        Failure   Level  Hunger
 Animate Skeleton         Necr           N/A          54%         1    ##.....
 Apportation              Tloc           #.....       54%         1    ##.....
 Confusing Touch          Hex            #.....       54%         1    ##.....
 Corona                   Hex            #......      54%         1    ##.....
 Flame Tongue             Conj/Fire      #....        54%         1    ##.....
 Freeze                   Ice            #...         54%         1    ##.....
 Sandblast                Erth           #.....       54%         1    ##.....
 Sting                    Conj/Pois      #...         54%         1    ##.....
 Summon Small Mammal      Summ           #...         54%         1    ##.....
 Blink                    Tloc           N/A          67%         2    ###....
 Ensorcelled Hibernation  Hex/Ice        #.....       67%         2    ###....
 Passwall                 Tmut/Erth      #.......     67%         2    ###....
 Poisonous Vapours        Pois/Air       #.....       67%         2    ###....
 Swiftness                Chrm/Air       #.......     67%         2    ###....
 Throw Flame              Conj/Fire      #.....       67%         2    ###....
 Throw Frost              Conj/Ice       #.....       67%         2    ###....
 Confuse                  Hex            #.......     88%         3    ####...
 Conjure Flame            Conj/Fire      #.......     88%         3    ####...
 Dazzling Spray           Conj/Hex       #.....       88%         3    ####...
 Ignite Poison            Fire/Tmut/Pois #.......     88%         3    ####...
 Inner Flame              Hex/Fire       #.......     88%         3    ####...
 Ozocubu's Armour         Chrm/Ice       #.......     88%         3    ####...
 Portal Projectile        Hex/Tloc       #.....       88%         3    ####...
 Recall                   Summ/Tloc      N/A          88%         3    ####...
 Stone Arrow              Conj/Erth      #.....       88%         3    ####...
 Teleport Other           Tloc           #.......     88%         3    ####...
 Tukima's Dance           Hex            #.......     88%         3    ####...
 Animate Dead             Necr           N/A          99%         4    #####..
 Cause Fear               Hex            #.........   99%         4    #####..
 Olgreb's Toxic Radiance  Pois           #.......     99%         4    #####..
 Passage of Golubria      Tloc           N/A          99%         4    #####..
 Petrify                  Tmut/Erth      #.......     99%         4    #####..
 Sticky Flame             Conj/Fire      #.......     99%         4    #####..
 Summon Ice Beast         Ice/Summ       #.......     99%         4    #####..
 Throw Icicle             Conj/Ice       #.......     99%         4    #####..
 Alistair's Intoxication  Tmut/Pois      #.......     100%        5    ######.
 Aura of Abjuration       Summ           #.........   100%        5    ######.
 Blade Hands              Tmut           #.........   100%        5    ######.
 Bolt of Magma            Conj/Fire/Erth #.........   100%        5    ######.
 Borgnjor's Vile Clutch   Necr/Erth      #.........   100%        5    ######.
 Fireball                 Conj/Fire      #.........   100%        5    ######.
 Iskenderun's Battlesphe  Conj/Chrm      #.......     100%        5    ######.
 Lee's Rapid Deconstruct  Erth           #.........   100%        5    ######.
 Silence                  Hex/Air        #.........   100%        5    ######.
 Summon Demon             Summ           #.........   100%        5    ######.
 Summon Forest            Summ/Tloc      #.........   100%        5    ######.
 Summon Mana Viper        Hex/Summ       #.......     100%        5    ######.
 Venom Bolt               Conj/Pois      #.........   100%        5    ######.
 Yara's Violent Unravell  Hex/Tmut       #.........   100%        5    ######.
 Bolt of Fire             Conj/Fire      #.........   100%        6    #######
 Darkness                 Hex            #.........   100%        6    #######
 Death Channel            Necr           #.........   100%        6    #######
 Deflect Missiles         Chrm/Air       #.........   100%        6    #######
 Invisibility             Hex            #.......     100%        6    #######
 Iron Shot                Conj/Erth      #.........   100%        6    #######
 Shadow Creatures         Summ           N/A          100%        6    #######
 Simulacrum               Ice/Necr       #.........   100%        6    #######
 Orb of Destruction       Conj           #.........   100%        7    #######
 Ring of Flames           Chrm/Fire      #.........   100%        7    #######
 Spellforged Servitor     Conj/Summ      #.........   100%        7    #######
 Discord                  Hex            #.........   100%        8    #######
 Ignition                 Fire           #.........   100%        8    #######


Dungeon Overview and Level Annotations

Branches:
Dungeon (14/15)            Temple (0/1) D:6            Lair (6/6) D:8
  Swamp (4/4) Lair:2        Snake (4/4) Lair:3        Slime (0/5) Lair:5
    Orc (2/2) D:12            Elf (0/3) Orc:2        Vaults (0/5) D:14
  Sewer (visited)         Gauntlet (visited)

Altars:
Ashenzari
Cheibriados
Dithmenos
Gozag
Nemelex Xobeh
Okawaru
Qazlal
Sif Muna
Trog
Wu Jian
Xom
Yredelemnul
Zin
Beogh

Shops:
D:5 :   D:12 ?   Orc:1 :   Orc:2 *[=(   Snake:1 %=!   Snake:4 :?


Innate Abilities, Weirdness & Mutations

You reflexively headbutt those who attack you in melee.
You have a pair of horns on your head.


Message History

The anaconda constricts you.
The shock serpent shoots out a bolt of lightning at you!
The bolt of electricity hits you!!
* * * LOW HITPOINT WARNING * * *
The anaconda bites you but does no damage. x2
* * * LOW HITPOINT WARNING * * *
The anaconda constricts you.
As you read the scroll of teleportation, it crumbles to dust.
You feel strangely unstable. The anaconda misses you. You furiously retaliate!
You headbutt the anaconda, but do no damage.
You block the shock serpent's attack. You block the anaconda's attack.
The anaconda constricts you. The anaconda completely misses you.
You riposte.
You hit the anaconda.
The anaconda is heavily wounded.
The shock serpent bites you!
* * * LOW HITPOINT WARNING * * *
The shock serpent shocks you!
* * * LOW HITPOINT WARNING * * *
The anaconda bites you but does no damage.
You die...

## .SSS##.S≈§≈≈≈≈≈≈≈≈..###...##..
# §.SSSSS.§≈≈≈≈≈≈§§§≈≈.##.....##.
# SSSSSS'S§§≈§≈≈≈≈≈§§≈.#.......#.
# ..S.SSSS≈§§≈§§≈≈≈≈§§§'.......#.
##...S.##S≈§§§§§≈≈§≈§§§#.......#.
.##...# #..§≈§§§§§≈§≈§.##.....##.
##########.§≈§§§§§§≈§§##'#...##))
.((.)()).#..§≈§≈§≈≈...#..'#####)#
.).)≈#().##§S≈§≈@§≈†.##.).#≈≈§(.#
.))§≈##().##SSSSSS..##...##≈§≈..#
#..≈≈≈##)..###SSS)###...##§≈§..##
##..≈≈≈##)(..######....##§≈≈.)##.
##..≈§§##......).....##≈≈§..##..
####.§§§≈##..........##≈≈≈..##...
#..##..§≈§###..)...###≈≈§..##....
#...##...≈≈≈########≈§≈...##.....
#....##...≈≈≈≈≈≈≈§§≈≈≈...##......


You could see 2 anacondas, a shock serpent and 7 mana vipers.

Vanquished Creatures
  the Lernaean hydra (Swamp:4)
  Rupert (D:13)
  3 thorn hunters
  The ghost of Peloso the Peltast, an adept MiFi of Okawaru (Swamp:1)
  Donald (Snake:1)
  17 nagarajas
  An orc warlord (Orc:2)
  Aizul (Swamp:2)
  Azrael (Snake:1)
  The ghost of lysyklops the Basher, a journeyman GrFi of Okawaru (Lair:6)
  A minotaur (Gauntlet)
  A stone giant (Orc:1)
  An ettin (Orc:1)
  Snorg (D:11)
  Fannar (Lair:2)
  Josephine (Lair:4)
  Harold (D:8)
  27 hydras
  The ghost of asdu the Archer, a journeyman HuGl of Okawaru (D:9)
  2 ghost crabs
  14 naga warriors
  14 anacondas
  5 two-headed ogres
  2 shambling mangroves
  2 centaur warriors (D:14)
  2 dancing weapons (D:14)
  A death knight (D:12)
  20 alligators
  A thrashing horror (Gauntlet)
  9 naga sharpshooters
  A tengu warrior (Swamp:2)
  Urug (Lair:4)
  4 orc high priests (Orc:2)
  5 shock serpents
  Nergalle (Lair:4)
  A spriggan berserker (Swamp:3)
  A deep elf knight (Swamp:3)
  2 spriggan druids
  9 salamander mystics
  5 sea snakes (Snake:2)
  4 naga ritualists
  10 swamp dragons
  3 unseen horrors
  4 lindwurms (Snake:4)
  3 orc knights (Orc:2)
  5 orc sorcerers
  2 ugly things
  2 deep elf magi
  11 salamanders
  An oklob plant (Lair:6)
  2 cyclopes
  5 mana vipers
  9 guardian serpents
  36 black mambas
  A torpor snail (Gauntlet)
  A manticore (D:12)
  Maurice (D:8)
  31 naga magi
  Joseph (D:7)
  8 elephants
  Psyche (D:8)
  45 spiny frogs
  A molten gargoyle (Lair:5)
  5 gargoyles
  The ghost of Saltbearer the Conjurer, a novice HuWz (D:5)
  A rime drake (shapeshifter) (D:14)
  6 komodo dragons
  An efreet (D:14)
  2 freezing wraiths (D:12)
  2 tengu conjurers
  4 trolls
  2 polar bears (Lair:2)
  10 tyrant leeches
  13 hornets
  36 blink frogs
  9 bog bodies
  6 hippogriffs
  19 slime creatures
  6 dream sheep (Lair:5)
  9 spriggans
  5 wraiths
  2 basilisks
  A shadow (Swamp:3)
  31 yaks
  Sigmund (D:6)
  6 water elementals (D:14)
  2 wyverns
  2 steam dragons
  Eustachio (D:6)
  4 fire bats (Lair:5)
  5 fire elementals
  34 vampire mosquitoes
  Grum (Lair:1)
  2 hungry ghosts
  Menkaure (D:4)
  12 insubstantial wisps
  7 wargs
  3 acid dragons
  30 nagas
  11 swamp worms
  5 hell hounds (Snake:1)
  Duvessa (D:4)
  6 porcupines
  13 water moccasins
  4 small abominations (Gauntlet)
  A sky beast (D:14)
  13 swamp drakes
  4 ice beasts
  3 black bears
  33 orc warriors
  3 eyes of draining
  6 ogres
  20 wolves
  9 centaurs
  9 crocodiles
  5 big kobolds
  A wyvern zombie (D:12)
  33 bullfrogs
  3 scorpions
  Dowan (D:4)
  4 killer bees (D:9)
  5 wights (D:12)
  3 electric eels
  A howler monkey (D:5)
  5 crimson imps
  5 hounds
  3 centaur zombies
  5 jellies
  2 bullfrog skeletons
  37 orc priests
  28 orc wizards
  A centaur skeleton (D:7)
  5 iguanas
  3 hell rats (Lair:4)
  12 worker ants
  A killer bee zombie (D:7)
  A hound zombie (D:11)
  2 hound skeletons
  Robin (D:2)
  13 gnolls
  A howler monkey skeleton (D:7)
  5 river rats (Lair:4)
  8 adders
  3 shadow imps
  6 oozes
  9 worms
  5 dart slugs
  8 leopard geckos
  121 orcs
  16 bats
  10 giant cockroaches
  15 goblins
  12 hobgoblins
  8 jackals
  12 quokkas
  4 ball pythons
  A ball python skeleton (D:4)
  10 frilled lizards
  23 kobolds
  2 leopard gecko skeletons
  A quokka skeleton (D:9)
  A quokka zombie (D:9)
  17 rats
  3 briar patches (Swamp:3)
  4 fungi
  2 plants
1262 creatures vanquished.

Vanquished Creatures (others)
  A spiny frog (Swamp:4)
  2 orcs (Orc:2)
  3 kobolds (D:9)
  A briar patch (Swamp:3)
  19 fungi
  39 plants
65 creatures vanquished.

Grand Total: 1327 creatures vanquished

Notes
Turn   | Place    | Note
-------+----------+-------------------------------------------
     0 | D:1      | Peloso the Minotaur Fighter began the quest for the Orb.
     0 | D:1      | Reached XP level 1. HP: 19/19 MP: 0/0
   260 | D:1      | Reached XP level 2. HP: 25/27 MP: 1/1
   284 | D:1      | Reached skill level 4 in Shields
   493 | D:1      | Reached XP level 3. HP: 33/33 MP: 2/2
   800 | D:2      | Found a shattered altar of Ashenzari.
   983 | D:2      | Noticed Robin
   997 | D:2      | Killed Robin
   997 | D:2      | Reached XP level 4. HP: 28/40 MP: 3/3
  1169 | D:2      | Found an iron altar of Okawaru.
  1170 | D:2      | Found a sparkling altar of Nemelex Xobeh.
  1498 | D:3      | Reached XP level 5. HP: 47/47 MP: 4/4
  1503 | D:3      | Noticed an angel
  1504 | D:3      | Found a shimmering altar of Xom.
  1506 | D:3      | Found a glowing silver altar of Zin.
  1524 | D:2      | Became a worshipper of Warmaster Okawaru
  2085 | D:3      | Found a stormy altar of Qazlal.
  2267 | D:3      | Reached skill level 5 in Fighting
  2490 | D:3      | Reached skill level 5 in Armour
  2490 | D:3      | Reached XP level 6. HP: 49/56 MP: 5/5
  2764 | D:4      | Found a shadowy altar of Dithmenos.
  2843 | D:4      | Reached skill level 1 in Dodging
  2860 | D:4      | Found a glowing drain.
  2880 | Sewer    | Entered a sewer
  3060 | Sewer    | Reached skill level 5 in Long Blades
  3628 | D:4      | Reached skill level 5 in Shields
  3847 | D:4      | Noticed Menkaure
  3855 | D:4      | Killed Menkaure
  3855 | D:4      | Reached * piety under Okawaru
  3855 | D:4      | Reached XP level 7. HP: 27/61 MP: 6/6
  4411 | D:4      | Noticed Dowan
  4412 | D:4      | Noticed Duvessa
  4425 | D:4      | Killed Dowan
  4434 | D:4      | Killed Duvessa
  4842 | D:5      | Entered Level 5 of the Dungeon
  4972 | D:5      | Found a runed translucent door.
  4973 | D:5      | Noticed Saltbearer's ghost (novice HuWz)
  5073 | D:5      | Found Syugiet's Book Boutique.
  5381 | D:5      | Reached ** piety under Okawaru
  5419 | D:5      | Reached XP level 8. HP: 24/70 MP: 7/7
  5806 | D:6      | You fall into a shaft and drop 2 floors!
  5822 | D:8      | Reached skill level 6 in Shields
  5886 | D:8      | Got a crude iron ring
  5887 | D:8      | Identified the ring "Juad" {rPois Str+2 Dex+2 SInv} (You
                  | found it on level 8 of the Dungeon)
  6000 | D:8      | Noticed Psyche
  6000 | D:8      | Noticed Maurice
  6009 | D:8      | Killed Maurice
  6009 | D:8      | Reached skill level 7 in Shields
  6010 | D:8      | Killed Psyche
  6010 | D:8      | Reached *** piety under Okawaru
  6010 | D:8      | Reached XP level 9. HP: 62/78 MP: 8/8
  6033 | D:8      | Noticed Harold
  6073 | D:7      | Reached skill level 1 in Evocations
  6102 | D:7      | Reached skill level 8 in Shields
  6185 | D:7      | Noticed a cyclops
  6197 | D:7      | Killed a cyclops
  6197 | D:7      | Reached **** piety under Okawaru
  6222 | D:7      | Reached skill level 9 in Shields
  6370 | D:7      | Reached skill level 10 in Long Blades
  6555 | D:7      | Found a shimmering blue altar of Sif Muna.
  6595 | D:7      | Noticed Joseph
  6610 | D:7      | Killed Joseph
  6610 | D:7      | Reached skill level 1 in Stealth
  6610 | D:7      | Reached XP level 10. HP: 82/88 MP: 8/10
  7022 | D:6      | Reached ***** piety under Okawaru
  7034 | D:6      | Noticed Eustachio
  7068 | D:6      | Killed Eustachio
  7125 | D:6      | Found a bloodstained altar of Trog.
  7126 | D:6      | Found a basalt altar of Yredelemnul.
  7126 | D:6      | Noticed Sigmund
  7129 | D:6      | Found a snail-covered altar of Cheibriados.
  7140 | D:6      | Killed Sigmund
  7423 | D:6      | Found an opulent altar of Gozag.
  7439 | D:6      | Found a staircase to the Ecumenical Temple.
  7692 | D:8      | Killed Harold
  7692 | D:8      | Received a gift from Okawaru
  7692 | D:8      | Reached skill level 1 in Invocations
  7697 | D:8      | Reached skill level 10 in Shields
  7973 | D:8      | Found a staircase to the Lair.
  7975 | D:8      | Found an ornate altar of the Wu Jian Council.
  7975 | D:8      | Found a stormy altar of Qazlal.
  8301 | D:9      | Found a runed translucent gate.
  8301 | D:9      | Found a runed translucent gate.
  8301 | D:9      | Noticed a nine-headed hydra
  8301 | D:9      | Noticed asdu's ghost (journeyman HuGl)
  8302 | D:9      | Found a runed translucent gate.
  8335 | D:9      | Noticed a two-headed ogre
  8349 | D:9      | Killed a two-headed ogre
  8349 | D:9      | Received a gift from Okawaru
  9220 | D:10     | Entered Level 10 of the Dungeon
  9479 | D:10     | Reached XP level 11. HP: 95/95 MP: 11/11
  9735 | D:10     | Got a warped halberd
 10185 | D:10     | Got a faintly glowing rapier
 10186 | D:10     | Identified the +11 rapier of Ash {vamp, rF+ MR++} (You
                  | found it on level 10 of the Dungeon)
 10307 | D:11     | Noticed a two-headed ogre
 10313 | D:11     | Killed a two-headed ogre
 10376 | D:11     | Reached skill level 1 in Short Blades
 10465 | D:11     | Reached skill level 10 in Armour
 10488 | D:11     | Noticed Snorg
 10503 | D:11     | Killed Snorg
 10519 | D:11     | Noticed an unseen horror
 10545 | D:11     | Killed an unseen horror
 10545 | D:11     | Reached skill level 11 in Shields
 10914 | D:5      | Killed Saltbearer's ghost
 11051 | D:9      | Killed a four-headed hydra
 11060 | D:9      | Killed asdu's ghost
 11060 | D:9      | Reached skill level 5 in Short Blades
 11060 | D:9      | Reached skill level 1 in Axes
 11120 | D:9      | Identified the cursed +3 halberd of Spite {flame, rElec}
                  | (You found it on level 10 of the Dungeon)
 11410 | D:12     | Noticed a death knight
 11428 | D:12     | Killed a death knight
 11428 | D:12     | Received a gift from Okawaru
 11660 | D:12     | Found Xeck's Magic Scroll Shoppe.
 11668 | D:12     | Bought 2 scrolls of identify for 56 gold pieces
 11668 | D:12     | Bought a scroll of identify for 28 gold pieces
 11668 | D:12     | Bought a scroll of identify for 28 gold pieces
 11668 | D:12     | Bought a scroll of magic mapping for 49 gold pieces
 11679 | D:12     | Reached ****** piety under Okawaru
 11683 | D:12     | Received a gift from Okawaru
 12022 | D:12     | Noticed a two-headed ogre
 12026 | D:12     | Reached XP level 12. HP: 104/105 MP: 12/12
 12041 | D:12     | Killed a two-headed ogre
 12055 | D:12     | Found a staircase to the Orcish Mines.
 12831 | Lair:1   | Entered Level 1 of the Lair of Beasts
 12896 | Lair:1   | Reached skill level 10 in Fighting
 12959 | Lair:1   | Noticed Grum
 12973 | Lair:1   | Killed Grum
 13042 | Lair:1   | Reached skill level 12 in Shields
 14114 | Lair:2   | Found a staircase to the Swamp.
 14225 | Lair:2   | Received a gift from Okawaru
 14228 | Lair:2   | Got a pair of heavily runed gloves {god gift}
 14239 | Lair:2   | Identified the +2 pair of gloves of Holelunu {*Corrode rC+
                  | rN+ Str+4} (Okawaru gifted it to you on level 2 of the Lair
                  | of Beasts)
 14286 | Lair:2   | Noticed Fannar
 14308 | Lair:2   | Killed Fannar
 14554 | Lair:2   | Reached skill level 13 in Shields
 15132 | Lair:3   | Reached XP level 13. HP: 69/116 MP: 10/13
 15486 | Lair:3   | Found a bloodstained altar of Trog.
 15508 | Lair:3   | Found a staircase to the Snake Pit.
 15538 | Lair:3   | Paralysed by a hornet for 1 turns
 16027 | Lair:4   | Noticed Josephine
 16052 | Lair:4   | Killed Josephine
 16092 | Lair:4   | Noticed Urug
 16093 | Lair:4   | Found a gate leading to a gauntlet.
 16103 | Lair:4   | Killed Urug
 16112 | Gauntlet | Entered a Gauntlet
 16112 | Gauntlet | Found a transporter.
 16122 | Gauntlet | Found a transporter.
 16123 | Gauntlet | Found a transporter.
 16127 | Gauntlet | Found a transporter.
 16128 | Gauntlet | Found a transporter.
 16129 | Gauntlet | Found a transporter.
 16132 | Gauntlet | Found a runed translucent door.
 16133 | Gauntlet | Found a runed translucent door.
 16139 | Gauntlet | Found a transporter.
 16158 | Gauntlet | Found a transporter.
 16163 | Gauntlet | Found a transporter.
 16164 | Gauntlet | Noticed a dire elephant
 16167 | Gauntlet | Found a transporter.
 16178 | Gauntlet | Found a transporter.
 16247 | Gauntlet | Found a transporter.
 16494 | Gauntlet | Got a warped wooden ring
 16495 | Gauntlet | Identified the ring "Iczemim" {Str+5 Stlth-} (You found it
                  | in a Gauntlet)
 16563 | Gauntlet | Got a bound glass ring
 16569 | Gauntlet | Identified the ring of Kucleurif {Str+6 Dex+5} (You found
                  | it in a Gauntlet)
 16725 | Gauntlet | Noticed a minotaur
 16734 | Gauntlet | Killed a minotaur
 16734 | Gauntlet | Received a gift from Okawaru
 16734 | Gauntlet | Reached skill level 14 in Shields
 16755 | Gauntlet | Identified the Compendium of Noxious Translocation
 16958 | Lair:4   | Noticed Nergalle
 16972 | Lair:4   | Killed Nergalle
 18386 | D:13     | Noticed Rupert
 18399 | D:13     | Killed Rupert
 18399 | D:13     | Reached skill level 15 in Long Blades
 18867 | Orc:1    | Entered Level 1 of the Orcish Mines
 18940 | Orc:2    | Entered Level 2 of the Orcish Mines
 18995 | Orc:2    | Received a gift from Okawaru
 19008 | Orc:2    | Found a staircase to the Elven Halls.
 19106 | Orc:2    | Reached XP level 14. HP: 66/126 MP: 14/14
 19416 | Orc:2    | Noticed an orc warlord
 19436 | Orc:2    | Killed an orc warlord
 19436 | Orc:2    | Received a gift from Okawaru
 19436 | Orc:2    | Reached skill level 15 in Shields
 20127 | Orc:2    | Received a gift from Okawaru
 20502 | Orc:2    | Found Sippilea's Antique Armour Shoppe.
 20503 | Orc:2    | Found Otigh's Antique Weapon Emporium.
 20504 | Orc:2    | Found Gukir's General Store.
 20504 | Orc:2    | Found Upayneq's Jewellery Shoppe.
 20813 | Orc:1    | Noticed a stone giant
 20992 | Orc:1    | Killed a stone giant
 21055 | Orc:1    | Found Xideguow's Book Emporium.
 21331 | Orc:1    | Found a roughly hewn altar of Beogh.
 21794 | D:14     | Reached skill level 16 in Shields
 22031 | D:14     | Found a gate to the Vaults.
 22079 | D:14     | Found a shadowy altar of Dithmenos.
 22133 | D:14     | Received a gift from Okawaru
 22151 | D:14     | Got a pitted buckler {god gift}
 22157 | D:14     | Identified the +0 buckler "Nynioxorch" {*Corrode +Inv MP+9
                  | Int+7} (Okawaru gifted it to you on level 14 of the
                  | Dungeon)
 23189 | Lair:5   | Found a staircase to the Slime Pits.
 23607 | Lair:5   | Reached XP level 15. HP: 137/137 MP: 16/16
 23641 | Lair:6   | Entered Level 6 of the Lair of Beasts
 23700 | Lair:6   | Found a runed translucent gate.
 23701 | Lair:6   | Found a runed translucent gate.
 23702 | Lair:6   | Found a runed translucent gate.
 23704 | Lair:6   | Noticed lysyklops's ghost (journeyman GrFi)
 24430 | Lair:6   | Reached skill level 17 in Shields
 24447 | Lair:6   | Received a gift from Okawaru
 25230 | Lair:6   | Got a coiled brass ring
 25260 | Lair:6   | Identified the ring of the Past {Fire +Fly} (You found it
                  | on level 6 of the Lair of Beasts)
 25684 | Lair:6   | Killed lysyklops's ghost
 25972 | Swamp:1  | Entered Level 1 of the Swamp
 26363 | Swamp:1  | Reached skill level 18 in Shields
 26467 | Swamp:1  | Found a large runed translucent door.
 26467 | Swamp:1  | Found a large runed translucent door.
 26468 | Swamp:1  | Noticed Peloso's ghost (adept MiFi)
 26503 | Swamp:1  | Killed Peloso's ghost
 26503 | Swamp:1  | Received a gift from Okawaru
 26506 | Swamp:1  | Got a brightly glowing dagger {god gift}
 26771 | Swamp:1  | Reached XP level 16. HP: 114/147 MP: 17/17
 26778 | Swamp:1  | Reached skill level 15 in Fighting
 27117 | Swamp:2  | Received a gift from Okawaru
 27152 | Swamp:2  | Got a bronze chain mail {god gift}
 27333 | Swamp:2  | Identified the +0 chain mail "Ofataobeq" {rF+ Int+2 Stlth+}
                  | (Okawaru gifted it to you on level 2 of the Swamp)
 27510 | Swamp:2  | Noticed Aizul
 27963 | Swamp:2  | Killed Aizul
 27968 | Swamp:2  | Reached skill level 15 in Armour
 27990 | Swamp:2  | Got a shimmering great mace
 27993 | Swamp:2  | Identified the +10 dagger "Ciuxecawk" {elec, *Rage rF+++
                  | Str+7} (Okawaru gifted it to you on level 1 of the Swamp)
 27994 | Swamp:2  | Identified the +11 great mace of Brawling {freeze, rPois
                  | MR+} (You found it on level 2 of the Swamp)
 28638 | Swamp:3  | Noticed a thorn hunter
 28644 | Swamp:3  | Killed a thorn hunter
 28644 | Swamp:3  | Reached skill level 19 in Shields
 28770 | Swamp:3  | Identified Jaavil's Collected Works on Shifting
                  | Intoxication
 29089 | Swamp:3  | Noticed a thorn hunter
 29104 | Swamp:3  | Killed a thorn hunter
 29320 | Swamp:3  | Received a gift from Okawaru
 29323 | Swamp:3  | Got a faintly humming hat {god gift}
 29331 | Swamp:3  | Identified the +2 hat of the Monk {rPois} (Okawaru gifted
                  | it to you on level 3 of the Swamp)
 29459 | Swamp:4  | Entered Level 4 of the Swamp
 29585 | Swamp:4  | Got an ebony flail
 29586 | Swamp:4  | Identified the +3 flail of Breach {speed, rPois} (You found
                  | it on level 4 of the Swamp)
 30023 | Swamp:4  | Noticed a thorn hunter
 30045 | Swamp:4  | Killed a thorn hunter
 30054 | Swamp:4  | Noticed the 27-headed Lernaean hydra
 30070 | Swamp:4  | Reached XP level 17. HP: 93/158 MP: 18/18
 30547 | Swamp:4  | Got a decaying rune of Zot
 30619 | Swamp:4  | Reached skill level 20 in Shields
 30638 | Swamp:4  | Killed the 23-headed Lernaean hydra
 30638 | Swamp:4  | Received a gift from Okawaru
 31509 | Snake:1  | Entered Level 1 of the Snake Pit
 31560 | Snake:1  | Noticed Azrael
 31581 | Snake:1  | Killed Azrael
 31685 | Snake:1  | Found Zohidiw's Distillery.
 31687 | Snake:1  | Found Pais's Jewellery Boutique.
 31689 | Snake:1  | Found Mikaefietu's Food Shop.
 31991 | Snake:1  | Noticed Donald
 32006 | Snake:1  | Killed Donald
 32044 | Snake:1  | Bought a potion of berserk rage for 80 gold pieces
 32044 | Snake:1  | Bought a potion of resistance for 160 gold pieces
 32044 | Snake:1  | Bought 2 potions of heal wounds for 160 gold pieces
 33091 | D:12     | Bought 2 scrolls of brand weapon for 560 gold pieces
 33097 | D:12     | Bought a scroll of identify for 28 gold pieces
 33906 | Snake:2  | Received a gift from Okawaru
 34521 | Snake:3  | Found a transporter.
 34905 | Snake:3  | Found a transporter.
 34915 | Snake:3  | Reached skill level 21 in Shields
 35371 | Snake:3  | Reached skill level 5 in Dodging
 35393 | Snake:3  | Received a gift from Okawaru
 35439 | Snake:3  | Got a blackened quarterstaff {god gift}
 35521 | Snake:3  | Found a shimmering blue altar of Sif Muna.
 35970 | Snake:3  | Reached XP level 18. HP: 150/169 MP: 19/19
 36161 | Snake:3  | Received a gift from Okawaru
 36530 | Snake:3  | Got encrusted pearl dragon scales {god gift}
 36577 | Snake:3  | Identified the +10 pearl dragon scales of Onagotex {rPois
                  | rF+ rN+ Int+4 Dex+4} (Okawaru gifted it to you on level 3
                  | of the Snake Pit)
 36656 | Snake:3  | Identified the +6 quarterstaff "Recaoz" {elec, rPois rF+}
                  | (Okawaru gifted it to you on level 3 of the Snake Pit)
 36763 | Snake:4  | Entered Level 4 of the Snake Pit
 37278 | Snake:4  | Found Ohophoc's Magic Scroll Boutique.
 37278 | Snake:4  | Found Wufeuri's Book Shop.
 37292 | Snake:4  | Bought a scroll of acquirement for 884 gold pieces
 37585 | Snake:4  | Reached skill level 22 in Shields
 38363 | Snake:4  | Received a gift from Okawaru
 39334 | Snake:4  | HP: 1/171 [shock serpent (14)]
 39334 | Snake:4  | Slain by an anaconda

Levels and vault maps discovered:
D:1:      nicolae_arrival_washed_ashore, layout_basic, minmay_misc_feat_five,
          minmay_octomino_e4
D:2:      layout_basic, nicolae_overflow_hidden_temple, first_ration, uniq_robin
D:3:      layout_basic, grunt_temple_overflow_order_and_chaos_1,
          grunt_qazlal_clouds
D:4:      layout_basic, grunt_dithmenos_smoke, cheibrodos_sewer_entry_sluice,
          serial_forest, infiniplex_forest_3_way,
          infiniplex_forest_clump_medium, infiniplex_forest_straight_3,
          infiniplex_forest_clump_medium, uniq_duvessa, uniq_menkaure
D:5:      layout_gridville, gammafunk_ghost_grave, serial_shops,
          nicolae_shop_behind_doors
D:6:      layout_basic, grunt_temple_overflow_open, grunt_gozag_statues,
          minmay_temple_entry_sparse_star, uniq_sigmund, uniq_eustachio
D:7:      layout_cave_pools, old_standard_altar, st_stairs_8, the_bakery,
          uniq_joseph
D:8:      layout_loops_ring, gammafunk_temple_overflow_pools,
          david_lair_shrubbed, uniq_psyche, uniq_harold, uniq_maurice
D:9:      layout_loops_ring, gammafunk_ghost_hydra_chop
D:10:     layout_gridville
D:11:     layout_roguey, uniq_snorg
D:12:     layout_stronghold, erik_orc_1, serial_shops, shop
D:13:     layout_roguey, minivault_26, uniq_rupert
D:14:     layout_basic, erik_vaults_1, basic_altar, kennysheep_generic_room_11
Lair:1:   layout_roguey, uniq_grum
Lair:2:   layout_regular_city, swamp_mist, infiniplex_staircase_pool_2,
          uniq_fannar
Lair:3:   layout_layer_cave, guppyfry_snake_entry_island, basic_altar
Lair:4:   layout_roguey, gauntlet_entry_generic, kennysheep_abandoned_house,
          uniq_nergalle, uniq_josephine, uniq_urug
Lair:5:   layout_gridlike, minmay_slime_entry_pillars, lemuel_fruit_fields
Lair:6:   minmay_lair_end_frog_pond, layout_gridlike, ebering_ghost_rock_garden,
          chequers_serial_rivers_micro_b, st_stairs_10
Swamp:1:  layout_falls_marsh, ebering_ghost_disaster_area, serial_swamp_ruin,
          evilmike_swamp_ruin_house_4, evilmike_swamp_ruin_house_2,
          evilmike_swamp_ruin_house_1, swamp_pool4
Swamp:2:  layout_basic_swamp, evilmike_swamp_ruin_rubble_2, swamp_pool1,
          kb_tengu_band, uniq_aizul
Swamp:3:  cheibrodos_swamp_heart_of_darkness, layout_basic_swamp,
          evilmike_swamp_ruin_wall
Swamp:4:  swamp_old_school, layout_basic_swamp,
          nicolae_swamp_very_dense_foliage, infiniplex_staircase_pool
Snake:1:  layout_concentric_octagons, minmay_shop_star, uniq_azrael, uniq_donald
Snake:2:  layout_layer_cave, guppyfry_snake_island, serial_bayou_shore_a
Snake:3:  gammafunk_sealed_library, layout_misc_corridors
Snake:4:  snake_pit_salamanders_mu, layout_onion, minmay_shoptagon,
          lemuel_fruit_tree
Orc:1:    nicolae_orc_accident_2, layout_caves, serial_shops,
          nicolae_shop_statue_plus, mines5_lemuel
Orc:2:    st_orc_congregation, layout_diamond_mine

Skill      XL: |  1  2  3  4  5  6  7  8  9 10 11 12 13 14 15 16 17 18 |
---------------+-------------------------------------------------------+-----
Shields        | 4 5 7 9 10 11 13 14 16 18 19 21 22 | 22.5
Armour         | 4 5 6 7 8 9 10 11 12 13 14 15 16 | 16.5
Fighting       | 4 5 6 7 8 9 11 12 13 14 16 17 | 17.7
Long Blades    | 3 4 5 7 9 10 12 14 15 16 17 18 | 18.9
Dodging        | 1 2 3 4 5 6 |  6.5
Evocations     | 1 2 |  2.3
Stealth        | 1 2 |  2.8
Invocations    | 1 2 3 |  3.4
Short Blades   | 5 |  5.5
Axes           | 1 |  1.6

Action                   |  1- 3 |  4- 6 |  7- 9 | 10-12 | 13-15 | 16-18 || total
-------------------------+-------+-------+-------+-------+-------+-------++-------
Melee: Long sword        |    92 |   256 |   266 |   217 |       |       ||   831
       Headbutt          |    11 |    54 |    61 |   194 |   521 |   469 ||  1310
       Scimitar          |       |       |       |   443 |  1363 |  1011 ||  2817
       Rapier            |       |       |       |    96 |       |       ||    96
       Hand axe          |       |       |       |     8 |    13 |       ||    21
       Double sword      |       |       |       |       |       |   251 ||   251
Invok: Heroism           |       |       |     5 |    10 |    12 |     6 ||    33
       Finesse           |       |       |       |       |       |     1 ||     1
Evoke: Wand              |       |       |     1 |     3 |     8 |       ||    12
  Use: Potion            |     2 |     2 |     3 |     1 |     1 |     4 ||    13
       Scroll            |       |    10 |       |    11 |    12 |    13 ||    46
 Stab: Confused          |       |       |       |       |       |     1 ||     1
       Distracted        |       |       |       |       |       |     1 ||     1
  Eat: Chunk             |       |    10 |    10 |    27 |    34 |    23 ||   104
       Ration            |       |       |       |       |     2 |     5 ||     7
Armor: Scale mail        |    40 |    48 |       |       |       |       ||    88
       Chain mail        |       |    97 |   149 |    66 |       |       ||   312
       Plate armour      |       |       |       |   193 |   426 |   393 ||  1012
       Pearl dragon scal |       |       |       |       |       |   155 ||   155
Dodge: Dodged            |    29 |    65 |   101 |   212 |   432 |   436 ||  1275
Block: Shield            |    58 |   148 |   195 |   529 |  1081 |  1320 ||  3331
       Reflection        |       |       |       |       |       |   114 ||   114
       Rpst.: Long sword |    11 |    12 |    25 |    10 |       |       ||    58
       Scimitar          |       |       |       |    42 |    93 |    52 ||   187
       Double sword      |       |       |       |       |       |    16 ||    16
